 Dungeon Crawl Stone Soup version 0.20.0-15-g7f486f2 (webtiles) character file.

5210 VajrapaniSR the Cleaver (level 10, -4/141 HPs)
             Began as a Minotaur Berserker on July 1, 2017.
             Was an Elder of Trog.
             Slain by an ogre
             ... wielding a +0 giant spiked club
              (23 damage)
             ... on level 10 of the Dungeon.
             The game lasted 00:20:15 (2760 turns).

VajrapaniSR the Cleaver (Minotaur Berserker)        Turns: 2760, Time: 00:20:16

Health: -4/141     AC: 25    Str: 23    XL:     10   Next: 35%
Magic:  9/9        EV:  2    Int:  4    God:    Trog [****..]
Gold:   143        SH:  3    Dex: 12    Spells: 9/9 levels left

rFire    . . .     SeeInvis .   a - +1 war axe
rCold    . . .     Gourm    .   e - +0 buckler
rNeg     + + +     Faith    +   (armour currently unavailable)
rPois    +         Spirit   .   (helmet currently unavailable)
rElec    .         Reflect  .   (cloak currently unavailable)
rCorr    .         Harm     .   (gloves currently unavailable)
MR       +++..     NoTele   +   (boots currently unavailable)
Stlth    +.........             p - amulet of faith
Regen    1.4/turn               q - ring of protection from magic
MPRegen  0.2/turn               t - ring of poison resistance

@: tree-form, berserk cooldown, regenerating, slowed, very slow
A: (retaliatory headbutt)
a: Berserk, Trog's Hand, Brothers in Arms, Burn Spellbooks, Renounce Religion


You were on level 10 of the Dungeon.
You worshipped Trog.
Trog was greatly pleased with you.
You were near starving.
You were a tree.
You visited 1 branch of the dungeon, and saw 10 of its levels.

You collected 263 gold pieces.
You spent 120 gold pieces at shops.

Inventory:

Hand Weapons
 a - a +1 war axe (weapon)
 b - a +8 morningstar of protection
Missiles
 v - 2 silver javelins (quivered)
Armour
 d - a scarf of resistance (melded)
 e - a +0 buckler (worn)
 j - a +0 chain mail
 m - a +0 pair of boots (melded)
 y - a +0 pair of gloves (melded)
 A - a +0 plate armour (melded)
Jewellery
 p - an amulet of faith (around neck)
 q - a ring of protection from magic (left branch)
 t - a ring of poison resistance (right branch)
Scrolls
 o - 3 scrolls of remove curse
 r - 4 scrolls of teleportation
 s - a scroll of magic mapping
 x - a scroll of fog
Potions
 h - a potion of lignification
 i - a potion of haste
 k - 2 potions of agility
 l - 2 potions of curing
Books
 w - a book of Conjurations

   Spells                             Type                      Level
   a - Magic Dart                     Conjuration                  1
   b - Searing Ray                    Conjuration                  2
   c - Dazzling Spray                 Conjuration/Hexes            3
   d - Fulminant Prism                Conjuration/Hexes            4
   e - Force Lance                    Conjuration/Translocation    4
   f - Iskenderun's Mystic Blast      Conjuration                  4
   Trog disapproves of the use of such an item.
 z - a book of Misfortune

   Spells                             Type                      Level
   a - Confusing Touch                Hexes                        1
   b - Confuse                        Hexes                        3
   c - Gell's Gravitas                Translocation                3
   d - Petrify                        Transmutation/Earth          4
   e - Metabolic Englaciation         Hexes/Ice                    5
   f - Yara's Violent Unravelling     Hexes/Transmutation          5
   Trog disapproves of the use of such an item.
Comestibles
 c - 8 bread rations
 f - 3 fruits
 g - a royal jelly
 n - 5 meat rations
 u - 17 chunks of flesh


   Skills:
 + Level 10.9 Fighting
 * Level 14.7 Axes
 - Level 2.4 Armour
 - Level 2.1 Dodging


You had 9 spell levels left.
You didn't know any spells.

Dungeon Overview and Level Annotations

Branches:
Dungeon (10/15)              Lair (0/6) D:10            Orc (0/2) D:10
 Temple: D:4-7

Altars:

Shops:
D:7 [   D:10 *


Innate Abilities, Weirdness & Mutations

((You reflexively headbutt those who attack you in melee.))
((You have a pair of horns on your head.))


Message History

Your +0 plate armour melds into your body.
You feel hot and cold all over.
Your roots penetrate the ground.
The orc warrior completely misses you.
You now have 26/141 hp.
You barely miss the orc warrior.
The orc warrior hits you but does no damage.
You hit the orc warrior. The orc warrior hits you with a glaive!
* * * LOW HITPOINT WARNING * * *
You take 10 damage, and have 16/141 hp.
Unknown command.
You completely miss the orc warrior.
The orc warrior hits you but does no damage.
Unknown command.
You hit the orc warrior.
The orc warrior hits you but does no damage.
Your skin crawls.
You feel resistant to hostile enchantments.
You are near starving!
The ogre hits you with a giant spiked club!!
You die...

##..........# #...########.# #...
.#..........# #...##8...8#.###...
.#..........# ######.....#.......
............# #..>..#.###...
............# #.....#.#.....
............# #8.))8#>#'####
............##########(###)......
............'...)..)..)))).......
............##..♣..#######.......
##########.#....Oo.....##........
#.............##........
#.............##........
#..<..........##........
#.............#####+####
#.............# #####.........#
#.........#


You could see an orc warrior and an ogre.

Vanquished Creatures
  A two-headed ogre (D:10)
  Pikel (D:7)
  A gargoyle (D:10)
  A troll (D:10)
  A merfolk (D:10)
  2 hungry ghosts (D:7)
  4 orc warriors
  A sky beast (D:6)
  2 black bears
  A slave (D:7)
  2 phantoms
  An ice beast (D:10)
  5 ogres
  4 centaurs
  A crocodile (D:10)
  4 bullfrogs
  2 big kobolds (D:10)
  A gnoll sergeant (D:10)
  A water moccasin zombie (D:10)
  A scorpion (D:6)
  2 wights (D:7)
  4 howler monkeys
  A centaur zombie (D:6)
  4 crimson imps
  A quasit (D:8)
  2 hounds
  A jelly (D:8)
  An orc priest (D:9)
  2 centaur skeletons
  A bullfrog skeleton (D:9)
  Terence (D:2)
  2 worker ants
  A killer bee zombie (D:9)
  A hound skeleton (D:9)
  Robin (D:2)
  3 gnolls (D:10)
  2 adders
  An adder zombie (D:6)
  2 leopard geckos (D:4)
  28 orcs
  A giant cockroach (D:3)
  6 goblins (D:2)
  6 hobgoblins
  6 kobolds
  3 quokkas
  A frilled lizard (D:1)
  2 jackal zombies
  A leopard gecko skeleton (D:8)
  A rat (D:3)
  A bush (D:6)
126 creatures vanquished.

Vanquished Creatures (others)
  A slave (D:7)
  A bullfrog (D:7)
  2 wights (D:7)
4 creatures vanquished.

Grand Total: 130 creatures vanquished

Notes
Turn   | Place    | Note
-------+----------+-------------------------------------------
     0 | D:1      | VajrapaniSR the Minotaur Berserker began the quest for the Orb.
     0 | D:1      | Reached XP level 1. HP: 19/19 MP: 0/0
   140 | D:2      | Found a faded altar of an unknown god.
   156 | D:2      | Reached skill level 4 in Axes
   165 | D:2      | Reached XP level 2. HP: 27/27 MP: 1/1
   217 | D:2      | Noticed Terence
   231 | D:2      | Killed Terence
   231 | D:2      | Reached XP level 3. HP: 28/33 MP: 2/2
   267 | D:2      | holy balls
   312 | D:2      | Reached skill level 5 in Axes
   323 | D:2      | Noticed Robin
   329 | D:2      | Killed Robin
   505 | D:4      | Noticed an ogre
   512 | D:4      | Killed an ogre
   512 | D:4      | Reached skill level 6 in Axes
   512 | D:4      | Reached XP level 4. HP: 26/41 MP: 3/3
   512 | D:4      | Reached XP level 5. HP: 30/47 MP: 4/4
   544 | D:4      | Reached skill level 5 in Fighting
   628 | D:4      | Reached ** piety under Trog
   691 | D:4      | Noticed an ogre
   696 | D:4      | Killed an ogre
   696 | D:4      | Reached skill level 7 in Axes
   696 | D:4      | Reached XP level 6. HP: 16/56 MP: 5/5
   931 | D:5      | Entered Level 5 of the Dungeon
  1042 | D:6      | Reached skill level 8 in Axes
  1042 | D:6      | Reached XP level 7. HP: 63/63 MP: 6/6
  1168 | D:6      | Reached skill level 9 in Axes
  1274 | D:6      | Reached XP level 8. HP: 64/73 MP: 7/7
  1358 | D:9      | Reached skill level 10 in Axes
  1632 | D:7      | Found Nestron's Antique Armour Shoppe.
  1641 | D:7      | Noticed Pikel
  1652 | D:7      | Killed Pikel
  1652 | D:7      | Reached skill level 11 in Axes
  1710 | D:7      | Reached XP level 9. HP: 66/82 MP: 8/8
  1750 | D:7      | Reached skill level 12 in Axes
  1849 | D:7      | Reached *** piety under Trog
  2106 | D:10     | Entered Level 10 of the Dungeon
  2284 | D:10     | Noticed a merfolk
  2296 | D:10     | Killed a merfolk
  2296 | D:10     | Reached skill level 13 in Axes
  2382 | D:10     | Noticed a gargoyle
  2399 | D:10     | Killed a gargoyle
  2399 | D:10     | Reached skill level 10 in Fighting
  2448 | D:10     | Reached **** piety under Trog
  2520 | D:10     | Found Ippa's Assorted Antiques.
  2531 | D:10     | Bought a scroll of remove curse for 90 gold pieces
  2531 | D:10     | Bought a scroll labeled DOOKEO DYIMIA for 30 gold pieces
  2548 | D:10     | Found a staircase to the Lair.
  2603 | D:10     | Noticed a two-headed ogre
  2609 | D:10     | Killed a two-headed ogre
  2609 | D:10     | Reached skill level 14 in Axes
  2609 | D:10     | Reached XP level 10. HP: 81/94 MP: 9/9
  2642 | D:10     | Received a gift from Trog
  2730 | D:10     | Found a staircase to the Orcish Mines.
  2760 | D:10     | Slain by an ogre

Skill      XL: |  1  2  3  4  5  6  7  8  9 |
---------------+----------------------------+-----
Axes           | 4 6 7 8 9 11 14 | 14.7
Fighting       | 4 5 6 7 8 10 | 10.9
Armour         | |  2.4
Dodging        | |  2.1

Action                   |  1- 3 |  4- 6 |  7- 9 | 10-12 || total
-------------------------+-------+-------+-------+-------++-------
Melee: Hand axe          |    37 |    59 |   186 |       ||   282
       Headbutt          |     3 |    11 |    52 |     7 ||    73
       Morningstar       |    10 |       |    12 |       ||    22
       War axe           |       |       |    65 |    48 ||   113
Throw: Throwing net      |       |       |     1 |       ||     1
       Javelin           |       |       |       |     2 ||     2
Invok: Berserk           |     4 |     4 |    12 |     2 ||    22
       Trog's Hand       |       |       |     1 |     1 ||     2
  Use: Scroll            |     2 |     3 |     8 |       ||    13
       Potion            |       |       |       |     1 ||     1
 Stab: Held in net/web   |       |       |     1 |       ||     1
  Eat: Chunk             |     1 |     5 |    19 |     2 ||    27
       Fruit             |       |       |     1 |       ||     1
Armor: Scale mail        |     2 |       |    14 |       ||    16
       Chain mail        |    14 |    31 |    98 |       ||   143
       Plate armour      |       |       |    26 |    12 ||    38
       Skin              |       |       |       |     3 ||     3
Dodge: Dodged            |    20 |    19 |   106 |    12 ||   157
Block: Buckler           |       |       |     9 |     5 ||    14
